[Event "Titled Tuesday Blitz November 14 Early 2023"]
[White "rikchessmx"]
[Black "Marcziter, Dmitrii"]
[BlackFideId "13900765"]
[WhiteElo "2323"]
[BlackElo "2399"]
[Result "0-1"]
[Round "11"]
[TimeControl "180+1"]
[Date "2023.11.14"]
[WhiteClock "0:00:00"]
[BlackClock "0:01:03"]
[Board "118"]

1. e4 c5 2. Nf3 a6 3. d4 cxd4 4. Nxd4 e6 5. Nc3 Nc6 6. Nxc6 bxc6 7. Bd3 e5 8. O-O Bc5 9. Qe2 Nf6 10. Be3 Be7 11. Rad1 Qc7 12. f4 d6 13. f5 O-O 14. g4 h6 15. h4 Nh7 16. Qh2 Qd8 17. h5 Bg5 18. Bf2 Nf6 19. Qg2 d5 20. exd5 cxd5 21. Bc4 Bb7 22. Nxd5 Nxd5 23. Bxd5 Bxd5 24. Qxd5 Qc7 25. c4 Rfd8 26. Qe4 Rac8 27. b3 a5 28. c5 Be7 29. Rc1 Rd2 30. a3 Rcd8 31. b4 axb4 32. axb4 Bg5 33. Rc2 R2d3 34. b5 R3d4 35. Bxd4 Rxd4 36. Qa8+ Kh7 37. Qg2 Be3+ 38. Kh1 Qe7 0-1


[Site "https://www.chess.com"]

[Event "Titled Tuesday Blitz November 14 Early 2023"]
[White "Azali, Tannaz"]
[Black "Kornyukov, Alexey"]
[WhiteFideId "12537721"]
[BlackFideId "4150457"]
[WhiteElo "2373"]
[BlackElo "2321"]
[Result "1-0"]
[Round "11"]
[TimeControl "180+1"]
[Date "2023.11.14"]
[WhiteClock "0:00:58"]
[BlackClock "0:00:06"]
[Board "119"]

1. d4 Nf6 2. c4 e6 3. Nc3 d5 4. cxd5 exd5 5. Bg5 Be7 6. e3 O-O 7. Bd3 c6 8. Nge2 Be6 9. O-O h6 10. Bh4 Nbd7 11. f3 c5 12. Bf2 c4 13. Bc2 Qb6 14. a3 Rfe8 15. Rb1 Rad8 16. h3 Nb8 17. e4 dxe4 18. fxe4 Qc7 19. Qe1 Bd7 20. e5 Nh5 21. Ng3 Nxg3 22. Bxg3 Be6 23. Rd1 Qb6 24. Qe4 g6 25. Kh1 Qxb2 26. d5 Bxh3 27. gxh3 Qxc3 28. Rf3 Qa5 29. Rxf7 Qb6 30. d6 Kxf7 31. Qxg6+ Kf8 32. Rf1+ Bf6 33. Rxf6# 1-0


[Site "https://www.chess.com"]

[Event "Titled Tuesday Blitz November 14 Early 2023"]
[White "Friedland, Moshe"]
[Black "Pasmendjambvirgulptipon98"]
[WhiteFideId "2812843"]
[WhiteElo "2340"]
[BlackElo "2297"]
[Result "1-0"]
[Round "11"]
[TimeControl "180+1"]
[Date "2023.11.14"]
[WhiteClock "0:00:08"]
[BlackClock "0:00:00"]
[Board "121"]

1. a3 e5 2. c4 Nf6 3. d3 c6 4. Nf3 Bd6 5. Bg5 h6 6. Bh4 Bc7 7. Nc3 O-O 8. e3 d6 9. Qc2 Bf5 10. h3 Bh7 11. g4 Re8 12. g5 e4 13. gxf6 exf3 14. Rg1 g5 15. Qb3 Nd7 16. Qxb7 Ne5 17. d4 Rb8 18. Qa6 Ng6 19. Bg3 Rb6 20. Qa4 Qxf6 21. O-O-O Reb8 22. Rd2 Ne7 23. c5 R6b7 24. cxd6 Bxd6 25. Bxd6 Qxd6 26. Bc4 Nd5 27. Bxd5 cxd5 28. Qa5 Rc8 29. Kd1 Qh2 30. Re1 Qc7 31. Qxc7 Rcxc7 32. Nxd5 Rd7 33. Nf6+ Kg7 34. Nxd7 Rxd7 35. e4 Rb7 36. d5 h5 37. e5 g4 38. hxg4 hxg4 39. Rd4 Bf5 40. d6 Bd7 41. b4 Rb6 42. Ree4 Ra6 43. Rxg4+ Bxg4 44. Rxg4+ Kf8 45. Rd4 Ke8 46. Rd3 Kd7 47. Kd2 Rc6 48. Ke3 Rc8 49. Kxf3 Ke6 50. Ke4 Rc4+ 51. Rd4 Rc8 52. f4 Rh8 53. f5+ Kd7 54. Kd5 Re8 55. Re4 Rb8 56. e6+ fxe6+ 57. fxe6+ Ke8 58. d7+ Ke7 59. Rf4 Rb5+ 60. Kc6 Rb6+ 61. Kc7 Kxe6 62. d8=Q 1-0


[Site "https://www.chess.com"]

[Event "Titled Tuesday Blitz November 14 Early 2023"]
[White "Cardozo Munar, Carlos Eduardo"]
[Black "Balla, Tamas-Kristof"]
[WhiteFideId "4409477"]
[BlackFideId "1208497"]
[WhiteElo "2274"]
[BlackElo "2391"]
[Result "1-0"]
[Round "11"]
[TimeControl "180+1"]
[Date "2023.11.14"]
[WhiteClock "0:02:43"]
[BlackClock "0:02:08"]
[Board "123"]

1. e4 c5 2. Nf3 Nc6 3. Nc3 g6 4. g3 Bg7 5. Bg2 e6 6. O-O Nge7 7. Ne2 O-O 8. d4 cxd4 9. Nexd4 Nxd4 10. Nxd4 d5 11. exd5 Nxd5 12. c3 Rb8 13. Re1 b6 14. Nc6 Qc7 15. Nxb8 Qxb8 16. c4 Nf6 17. Bf4 1-0


[Site "https://www.chess.com"]

[Event "Titled Tuesday Blitz November 14 Early 2023"]
[White "Todev, Simeon"]
[Black "thisjuan"]
[WhiteFideId "2925133"]
[WhiteElo "2340"]
[BlackElo "2194"]
[Result "0-1"]
[Round "11"]
[TimeControl "180+1"]
[Date "2023.11.14"]
[WhiteClock "0:00:01"]
[BlackClock "0:00:51"]
[Board "124"]

1. e4 c5 2. Nf3 g6 3. c3 Bg7 4. d4 cxd4 5. cxd4 d5 6. exd5 Nf6 7. Nc3 Nxd5 8. Bc4 Nb6 9. Bb3 O-O 10. O-O Bg4 11. Be3 Nc6 12. h3 Bxf3 13. Qxf3 Na5 14. Bc2 Qd7 15. Rfd1 Nac4 16. Rab1 Nxe3 17. fxe3 Rac8 18. Rbc1 e6 19. Be4 Rc7 20. Ne2 Rxc1 21. Rxc1 Nd5 22. Bxd5 exd5 23. Nf4 Rd8 24. Rc5 Qa4 25. Rxd5 Re8 26. Nd3 Qxa2 27. Rd7 b5 28. Kh2 a5 29. Nc5 Rf8 30. Ne4 Qe6 31. Nc5 Qb6 32. Ne4 Qc6 33. Re7 a4 34. Nc5 Qd6+ 35. Re5 Bxe5+ 36. dxe5 Qxc5 0-1


[Site "https://www.chess.com"]

[Event "Titled Tuesday Blitz November 14 Early 2023"]
[White "Limontaite, Simona"]
[Black "Manon-og, Ramon Jr."]
[WhiteFideId "12802506"]
[BlackFideId "5200776"]
[WhiteElo "2236"]
[BlackElo "2328"]
[Result "0-1"]
[Round "11"]
[TimeControl "180+1"]
[Date "2023.11.14"]
[WhiteClock "0:00:05"]
[BlackClock "0:00:39"]
[Board "125"]

1. d4 Nf6 2. c4 g6 3. Nc3 d5 4. cxd5 Nxd5 5. Bd2 Nxc3 6. Bxc3 Bg7 7. e4 c5 8. d5 Bxc3+ 9. bxc3 Qa5 10. Qd2 O-O 11. Nf3 Bg4 12. Be2 Nd7 13. c4 Qa4 14. Qc3 Bxf3 15. gxf3 f6 16. h4 Rae8 17. h5 g5 18. f4 h6 19. e5 b5 20. e6 Nb6 21. Qd3 Qb4+ 22. Kf1 f5 23. fxg5 Qxc4 24. Qg3 Qd4 25. gxh6+ Kh8 26. Rd1 Qf6 27. Bxb5 Rg8 28. Qe3 Rc8 29. Bc6 Nc4 30. Qe2 Ne5 31. Rg1 Rxg1+ 32. Kxg1 Rg8+ 33. Kf1 f4 34. Qe4 f3 35. Re1 Rg5 36. Re3 Qxh6 37. d6 Qxh5 38. Ke1 Nxc6 39. Qxc6 Rd5 40. Qxd5 Qxd5 41. d7 c4 42. Rxf3 Qxe6+ 43. Kd2 Qxd7+ 44. Kc3 Qd5 45. Rf4 Qd3+ 0-1


[Site "https://www.chess.com"]

[Event "Titled Tuesday Blitz November 14 Early 2023"]
[White "Semenova, Alina"]
[Black "Mazzilli, Piero"]
[WhiteFideId "24113875"]
[BlackFideId "807087"]
[WhiteElo "2178"]
[BlackElo "2308"]
[Result "0-1"]
[Round "11"]
[TimeControl "180+1"]
[Date "2023.11.14"]
[WhiteClock "0:01:35"]
[BlackClock "0:00:15"]
[Board "126"]

1. e4 c5 2. Nf3 d6 3. d4 cxd4 4. Nxd4 Nf6 5. f3 e5 6. Nb3 d5 7. Bg5 Be6 8. exd5 Qxd5 9. Qxd5 Bxd5 10. c4 Bb4+ 11. N1d2 Be6 12. a3 Bxd2+ 13. Nxd2 Nc6 14. O-O-O Nd4 15. Bd3 Rd8 16. Bxf6 gxf6 17. Ne4 f5 18. Nc5 b6 19. Nxe6 fxe6 20. b4 Rg8 21. g3 Kf7 22. Rhf1 Kf6 23. Kb2 a5 24. Kc3 axb4+ 25. axb4 Ra8 26. Ra1 Rxa1 27. Rxa1 Nxf3 28. c5 bxc5 29. bxc5 Rc8 30. Kc4 e4 31. Be2 Ne5+ 32. Kd4 Nc6+ 33. Kc3 Ke5 34. Bc4 Ne7 35. Ra5 Nd5+ 36. Kb3 Rb8+ 37. Kc2 Kd4 38. Ba2 Nb4+ 39. Kd2 Nxa2 40. Rxa2 Kxc5 41. Ke3 Rb3+ 42. Kf4 Rf3+ 43. Ke5 e3 44. Rc2+ Kb4 45. Kxe6 Rf2 46. Rc1 e2 47. Re1 Kc3 48. Ke5 Kd2 49. Kd4 Kxe1 50. Ke3 0-1


[Site "https://www.chess.com"]

[Event "Titled Tuesday Blitz November 14 Early 2023"]
[White "Osmonbekov, Talaibek"]
[Black "campochess"]
[WhiteFideId "2017253"]
[WhiteElo "2308"]
[BlackElo "2191"]
[Result "1-0"]
[Round "11"]
[TimeControl "180+1"]
[Date "2023.11.14"]
[WhiteClock "0:00:13"]
[BlackClock "0:00:32"]
[Board "127"]

1. d4 Nf6 2. Nc3 d5 3. Bf4 Nbd7 4. Nb5 e5 5. dxe5 Nh5 6. e3 Nxf4 7. exf4 c6 8. Nd4 Nc5 9. Ngf3 Be7 10. c3 O-O 11. Be2 Ne4 12. O-O c5 13. Nc2 f6 14. Ne3 d4 15. cxd4 fxe5 16. fxe5 cxd4 17. Qxd4 Qxd4 18. Nxd4 Bc5 19. Rad1 a6 20. Bf3 Ng5 21. Bd5+ Kh8 22. f4 Bxd4 23. Rxd4 Ne6 24. Bxe6 Bxe6 25. f5 Bxa2 26. e6 Rae8 27. Rd7 b5 28. Rc1 g6 29. Rcc7 Rf6 30. Rxh7+ Kg8 31. Rcg7+ Kf8 32. Ra7 Kg8 33. g4 gxf5 34. gxf5 Bb1 35. Ng4 Ref8 36. Nxf6+ Rxf6 37. Rag7+ Kf8 38. Rf7+ Rxf7 39. Rxf7+ Ke8 40. h4 1-0


[Site "https://www.chess.com"]

[Event "Titled Tuesday Blitz November 14 Early 2023"]
[White "Tuleyeva-Aketayeva, Dana"]
[Black "Dahlgren, James Allen"]
[WhiteFideId "13701932"]
[BlackFideId "22256873"]
[WhiteElo "2299"]
[BlackElo "2151"]
[Result "1-0"]
[Round "11"]
[TimeControl "180+1"]
[Date "2023.11.14"]
[WhiteClock "0:00:57"]
[BlackClock "0:00:19"]
[Board "128"]

1. d4 e6 2. Nf3 c5 3. g3 Nf6 4. Bg2 d5 5. O-O Nc6 6. c4 cxd4 7. Nxd4 Bd7 8. cxd5 exd5 9. Nc3 Be7 10. Nxd5 Nxd5 11. Bxd5 Nxd4 12. Qxd4 O-O 13. Rd1 Bf6 14. Qb4 Bc6 15. Bxf7+ Rxf7 16. Rxd8+ Rxd8 17. Be3 Rfd7 18. f3 b6 19. Rc1 Bb7 20. Qb3+ Bd5 21. Qa4 Bxb2 22. Rd1 Bf6 23. Kf2 Bc6 24. Qb3+ Bd5 25. Qa4 Bc6 26. Qb3+ Bd5 27. Qa3 g6 28. h4 Kg7 29. h5 gxh5 30. Qc1 h4 31. Bd4 hxg3+ 32. Kxg3 Bxd4 33. Rxd4 Bf7 34. Qg5+ Bg6 35. Qxd8 1-0


[Site "https://www.chess.com"]

[Event "Titled Tuesday Blitz November 14 Early 2023"]
[White "Ismayilova, Khanim"]
[Black "Pumpkin_in_moonlight"]
[WhiteFideId "13429019"]
[WhiteElo "2158"]
[BlackElo "2297"]
[Result "1-0"]
[Round "11"]
[TimeControl "180+1"]
[Date "2023.11.14"]
[WhiteClock "0:00:25"]
[BlackClock "0:00:02"]
[Board "129"]

1. e4 e5 2. Nf3 Nc6 3. Bc4 Nf6 4. d4 exd4 5. e5 d5 6. Bb5 Ne4 7. Nxd4 Bd7 8. O-O Nxd4 9. Bxd7+ Qxd7 10. Qxd4 Bc5 11. Qd1 O-O-O 12. Nd2 Qf5 13. Nxe4 dxe4 14. Qe2 Qxe5 15. Be3 Bxe3 16. Qxe3 f5 17. Qxa7 c6 18. Qa8+ Kc7 19. Qa4 Rd2 20. Rad1 Rhd8 21. Rxd2 Rxd2 22. Qb3 f4 23. Qf7+ Rd7 24. Qb3 e3 25. fxe3 fxe3 26. Re1 e2 27. Qg3 Qxg3 28. hxg3 Rd2 29. Kf2 Rxc2 30. Rxe2 Rxe2+ 31. Kxe2 Kd6 32. Kd3 Ke5 33. a4 Kf5 34. Kc4 Kg4 35. Kc5 Kxg3 36. Kb6 Kxg2 37. Kxb7 h5 38. a5 h4 39. a6 h3 40. a7 h2 41. a8=Q h1=Q 42. Kc7 Kg3 43. Qxc6 Qh7 44. Qc3+ Kg4 45. Qd4+ Kg5 46. Qe5+ Kg4 47. Qe6+ Kf4 48. Qd6+ Kg5 49. Qe7+ Kf5 50. b4 Qh2+ 51. Qd6 Qc2+ 52. Qc5+ Qxc5+ 53. bxc5 g5 54. c6 g4 55. Kd6 g3 56. c7 g2 57. c8=Q+ Kf4 58. Qc1+ Kf3 59. Qg1 1-0


[Site "https://www.chess.com"]

[Event "Titled Tuesday Blitz November 14 Early 2023"]
[White "Politov, Pavel Y."]
[Black "Larina, Maria"]
[WhiteFideId "24110515"]
[BlackFideId "24113182"]
[WhiteElo "2110"]
[BlackElo "2281"]
[Result "1/2-1/2"]
[Round "11"]
[TimeControl "180+1"]
[Date "2023.11.14"]
[WhiteClock "0:00:04"]
[BlackClock "0:00:14"]
[Board "130"]

1. d4 f5 2. c4 Nf6 3. Nc3 d6 4. Bg5 Nbd7 5. Nf3 g6 6. Bxf6 Nxf6 7. e3 Bg7 8. Be2 O-O 9. O-O c6 10. Qd2 Ne4 11. Qc2 Nxc3 12. Qxc3 Qc7 13. Qc2 e5 14. dxe5 dxe5 15. Rad1 e4 16. Nd2 Qe5 17. b3 Be6 18. Nb1 Rad8 19. Rxd8 Rxd8 20. Rd1 Rxd1+ 21. Qxd1 Bf6 22. h3 Kg7 23. a3 Be7 24. b4 Bd6 25. Qd4 b6 26. c5 Qxd4 27. exd4 Bc7 28. Nc3 Kf6 29. b5 Bd7 30. bxc6 Bxc6 31. d5 Be8 32. d6 Bd8 33. Nd5+ Ke5 34. Nc7 Bc6 35. cxb6 axb6 36. Nb5 Bxb5 37. Bxb5 Kxd6 38. Kf1 Kc5 39. a4 Bf6 40. Ke2 Bd4 41. Kf1 f4 42. Ke2 g5 43. f3 e3 44. Kd3 Bf6 45. Ke2 Kd4 46. Be8 h6 47. Bb5 Kc3 48. Be8 Bd4 49. Bb5 Be5 50. Bc6 Bd4 51. Bb5 h5 52. Bc6 h4 53. Bb5 Be5 54. Bc6 Kd4 55. Bb5 Kc5 56. Bd7 Bd4 57. Be8 Be5 58. Bb5 Kb4 59. Be8 Kc3 60. Bb5 Kd4 61. Be8 Kc5 62. Bb5 Kd6 63. Be8 Ke7 64. Bb5 Kd6 65. Be8 Ke7 66. Bb5 Kd6 1/2-1/2


[Site "https://www.chess.com"]

[Event "Titled Tuesday Blitz November 14 Early 2023"]
[White "Skibbe, Willi"]
[Black "Smirnov, Timofey"]
[WhiteFideId "4682190"]
[BlackFideId "24176427"]
[WhiteElo "2239"]
[BlackElo "2104"]
[Result "1-0"]
[Round "11"]
[TimeControl "180+1"]
[Date "2023.11.14"]
[WhiteClock "0:01:07"]
[BlackClock "0:02:04"]
[Board "131"]

1. e4 e5 2. d4 exd4 3. Nf3 Qe7 4. Qxd4 Nc6 5. Qe3 g6 6. Nc3 Nf6 7. e5 Nh5 8. g4 Ng7 9. Nd5 Qd8 10. Nf6+ Ke7 11. b3 Ne8 12. Nd5+ Ke6 13. Bc4 Bg7 14. Ng5+ 1-0


[Site "https://www.chess.com"]

[Event "Titled Tuesday Blitz November 14 Early 2023"]
[White "Kuchava, Ana"]
[Black "IsaqueGoncalvesSanto"]
[WhiteFideId "13605348"]
[WhiteElo "2238"]
[BlackElo "1918"]
[Result "0-1"]
[Round "11"]
[TimeControl "180+1"]
[Date "2023.11.14"]
[WhiteClock "0:00:00"]
[BlackClock "0:00:04"]
[Board "132"]

1. d4 d5 2. Nf3 Nf6 3. c4 c6 4. Qb3 e6 5. Bg5 Be7 6. e3 O-O 7. Bd3 Nbd7 8. O-O h6 9. Bh4 Ne4 10. Bxe7 Qxe7 11. Nc3 f5 12. Rac1 g5 13. Qc2 Qf6 14. cxd5 exd5 15. Nd2 Nd6 16. f4 g4 17. Nb3 Re8 18. Rfe1 Kh8 19. Nc5 Nxc5 20. dxc5 Ne4 21. Bxe4 fxe4 22. Ne2 h5 23. Nd4 a5 24. Qc3 h4 25. Ne2 Kg7 26. Qxf6+ Kxf6 27. Nd4 h3 28. g3 a4 29. Kf2 Bf5 30. Rc3 Ra5 31. Rec1 Rea8 32. Ke2 Bg6 33. Kd2 Ke7 34. f5 Bh7 35. Rf1 Kf6 36. Rf4 Rg8 37. Rc1 Rg5 38. a3 Ra8 39. Rcf1 Ra5 40. Ne6 Rg8 41. Nc7 Rg5 42. Ne6 Ke5 0-1


[Site "https://www.chess.com"]

[Event "Titled Tuesday Blitz November 14 Early 2023"]
[White "Jarocka, Liwia"]
[Black "Grossboss19"]
[WhiteFideId "21807558"]
[WhiteElo "2339"]
[BlackElo "2459"]
[Result "0-1"]
[Round "11"]
[TimeControl "180+1"]
[Date "2023.11.14"]
[WhiteClock "0:00:43"]
[BlackClock "0:00:04"]
[Board "133"]

1. e4 c5 2. Nf3 Nc6 3. d4 cxd4 4. Nxd4 Nf6 5. Nc3 e6 6. Ndb5 a6 7. Nd6+ Bxd6 8. Qxd6 Qa5 9. Bd2 Qb4 10. Qxb4 Nxb4 11. O-O-O Nc6 12. f3 O-O 13. Bf4 d5 14. exd5 exd5 15. Nxd5 Nxd5 16. Rxd5 Be6 17. Rd2 Rfe8 18. a3 Na5 19. Bc7 Nc4 20. Bxc4 Bxc4 21. Ba5 Rac8 22. Bc3 f6 23. Rd7 b5 24. Ra7 Rc6 25. Rd1 Be6 26. Re1 Bf7 27. Rxe8+ Bxe8 28. Bd4 h5 29. c3 h4 30. b4 Bh5 31. f4 Re6 32. Rc7 Re1+ 33. Kd2 Re2+ 34. Kd3 Rxg2 35. c4 Be2+ 36. Ke3 Bxc4 37. Rc8+ Kh7 38. Rc7 Kg6 39. Bc5 Rxh2 40. Bf8 Kf5 41. Bxg7 Rh3+ 42. Kd4 Rd3+ 43. Kc5 h3 44. Rc6 Rd5+ 45. Kb6 h2 46. Rxf6+ Kg4 47. Rh6 Rh5 48. Rg6+ Kf5 0-1


[Site "https://www.chess.com"]

[Event "Titled Tuesday Blitz November 14 Early 2023"]
[White "LangesNasenhaar"]
[Black "Babayeva, Nasrin"]
[BlackFideId "13416626"]
[WhiteElo "2405"]
[BlackElo "1849"]
[Result "1-0"]
[Round "11"]
[TimeControl "180+1"]
[Date "2023.11.14"]
[WhiteClock "0:01:14"]
[BlackClock "0:00:18"]
[Board "134"]

1. d4 d6 2. Nc3 e5 3. dxe5 dxe5 4. Qxd8+ Kxd8 5. f4 Nc6 6. Nf3 Bd6 7. Ne4 Bf5 8. Nxd6 cxd6 9. Ng5 Nh6 10. e4 Bd7 11. f5 f6 12. Nf3 d5 13. Bxh6 gxh6 14. Bd3 Nb4 15. a3 Nxd3+ 16. cxd3 Ke7 17. Kd2 Rhg8 18. g3 Rgd8 19. Ke3 Rac8 20. Rhc1 Bb5 21. Rxc8 Rxc8 22. exd5 Kd6 23. Nd2 Kxd5 24. Ne4 Rc6 25. Nc3+ Kc5 26. Rc1 Kb6 27. Nd5+ Ka6 28. Nb4+ 1-0


[Site "https://www.chess.com"]

[Event "Titled Tuesday Blitz November 14 Early 2023"]
[White "vovasev"]
[Black "Feliz Dotel, Dewar Bienvenido"]
[BlackFideId "6402801"]
[WhiteElo "2111"]
[BlackElo "2146"]
[Result "0-1"]
[Round "11"]
[TimeControl "180+1"]
[Date "2023.11.14"]
[WhiteClock "0:01:31"]
[BlackClock "0:01:14"]
[Board "135"]

1. e4 e5 2. Nf3 Nc6 3. Nc3 Nf6 4. d4 exd4 5. Nxd4 Bb4 6. Nxc6 bxc6 7. Bd3 O-O 8. O-O d5 9. exd5 cxd5 10. Bg5 c6 11. Qf3 Bd6 12. h3 Rb8 13. b3 Be5 14. Bd2 Qa5 15. Rae1 Re8 16. Ne4 dxe4 17. Bxa5 exf3 18. Rxe5 Rxe5 19. Bc7 fxg2 20. Re1 Rxe1+ 21. Kxg2 Rb7 0-1


[Site "https://www.chess.com"]

[Event "Titled Tuesday Blitz November 14 Early 2023"]
[White "Winkels, Marcel"]
[Black "DonCiao"]
[WhiteFideId "1003887"]
[WhiteElo "2060"]
[BlackElo "2118"]
[Result "1-0"]
[Round "11"]
[TimeControl "180+1"]
[Date "2023.11.14"]
[WhiteClock "0:00:20"]
[BlackClock "0:00:00"]
[Board "136"]

1. e4 c5 2. Nf3 Nc6 3. d4 cxd4 4. Nxd4 Nf6 5. Nc3 e5 6. Ndb5 d6 7. Bg5 a6 8. Na3 b5 9. Nab1 Be7 10. Bxf6 Bxf6 11. Nd5 O-O 12. a4 bxa4 13. Bc4 Bg5 14. O-O Rb8 15. Rxa4 Rxb2 16. Bxa6 Nd4 17. Bd3 Bd7 18. Ra7 Bb5 19. Bxb5 Nxb5 20. Ra4 f5 21. exf5 Nd4 22. c3 Ne2+ 23. Kh1 Rxf5 24. Rb4 Rxb4 25. cxb4 Nd4 26. Nbc3 Qf8 27. f3 e4 28. Nxe4 Rxd5 29. Nxg5 Qf5 30. Ne4 Nb5 31. Qb3 Kh8 32. Rc1 h5 33. Qc2 Kh7 34. Ng5+ Kg6 35. Qxf5+ Kxf5 36. Ne4 Rd4 37. Rb1 1-0


[Site "https://www.chess.com"]

[Event "Titled Tuesday Blitz November 14 Early 2023"]
[White "Sanchez Alvares, Kelvin Antonio"]
[Black "Fernandez Hernandez, Gerardo"]
[WhiteFideId "3906680"]
[BlackFideId "2207400"]
[WhiteElo "2592"]
[BlackElo "2104"]
[Result "0-1"]
[Round "11"]
[TimeControl "180+1"]
[Date "2023.11.14"]
[WhiteClock "0:00:26"]
[BlackClock "0:00:22"]
[Board "137"]

1. e4 e6 2. d4 d5 3. Nc3 Nc6 4. Nf3 Nf6 5. Bg5 Be7 6. e5 Ne4 7. Bxe7 Qxe7 8. Bb5 Qb4 9. O-O Nxc3 10. Bxc6+ bxc6 11. bxc3 Qxc3 12. Re1 Qa3 13. Re3 Qe7 14. Nd2 c5 15. dxc5 Qxc5 16. Rg3 O-O 17. Qh5 f6 18. Rh3 Qxc2 19. Nf3 fxe5 20. Qxe5 Rb8 21. g4 Rb1+ 22. Rxb1 Qxb1+ 23. Kg2 Qe4 24. Qxc7 d4 25. Kf1 Ba6+ 26. Kg1 Rxf3 0-1


[Site "https://www.chess.com"]

[Event "Titled Tuesday Blitz November 14 Early 2023"]
[White "Villafane Gomez, Jaime"]
[Black "parintele_chess"]
[WhiteFideId "4426517"]
[WhiteElo "1737"]
[BlackElo "2193"]
[Result "0-1"]
[Round "11"]
[TimeControl "180+1"]
[Date "2023.11.14"]
[WhiteClock "0:00:00"]
[BlackClock "0:01:17"]
[Board "138"]

1. e4 c5 2. Nf3 Nc6 3. d4 cxd4 4. Nxd4 Nf6 5. Nc3 h5 6. Bg5 Qa5 7. Bxf6 gxf6 8. Be2 h4 9. h3 Rg8 10. Bf3 Qe5 11. Nf5 e6 12. Ne3 Bc5 13. Ng4 Qg5 14. Ne2 f5 15. exf5 exf5 16. Nh2 Qf6 17. c3 b6 18. Bxc6 dxc6 19. b4 Bd6 20. Qa4 Bd7 0-1